 Dungeon Crawl Stone Soup version 0.19.1 (webtiles) character file.

57 CanadianGator the Covered (level 4, -4/28 HPs)
             Began as a Gargoyle Fighter on Dec 6, 2016.
             Slain by Killer1's ghost (7 damage)
             ... on level 3 of the Dungeon.
             The game lasted 00:01:43 (1060 turns).

CanadianGator the Covered (Gargoyle Fighter)        Turns: 1060, Time: 00:01:43

Health: -4/28      AC: 10    Str: 21    XL:     4   Next: 0%
Magic:  4/4        EV:  7    Int:  8    God:
Gold:   11         SH:  9    Dex:  9    Spells: 0 memorised, 3 levels left

rFire  . . .     SeeInvis .     e - +1 whip (flame)
rCold  . . .     Gourm    .     b - +0 scale mail
rNeg   + . .     Faith    .     c - +0 shield
rPois  ∞         Spirit   .     (no helmet)
rElec  +         Reflect  .     (no cloak)
rCorr  .         Harm     .     (no gloves)
MR     .....                    (no boots)
Stlth  ..........               (no amulet)
                                (no ring)
                                (no ring)

@: flying
A: negative energy resistance 1, electricity resistance, unbreathing,
petrification resistance, rot immunity, AC +3
a: no special abilities


You were on level 3 of the Dungeon.
You were hungry.

You visited 1 branch of the dungeon, and saw 3 of its levels.

You collected 11 gold pieces.

Inventory:

Hand Weapons
 a - a +0 flail
 e - a +1 whip of flaming (weapon)
Armour
 b - a +0 scale mail (worn)
 c - a +0 shield (worn)
Scrolls
 g - 2 scrolls of identify {unknown}
 i - a scroll of teleportation {unknown}
 j - a scroll of fog {unknown}
 m - a scroll of noise {unknown}
 n - a scroll of recharging {unknown}
 o - a scroll of random uselessness {unknown}
Potions
 d - a potion of might
 k - a potion of berserk rage {unknown}
 l - a potion of lignification {unknown}
 q - a potion of invisibility {unknown}
Comestibles
 f - a bread ration
 p - a beef jerky


   Skills:
 + Level 3.5 Fighting
 * Level 3.0 Maces & Flails
 * Level 3.9 Armour
 + Level 0.5 Dodging
 + Level 3.5 Shields


You had 3 spell levels left.
You didn't know any spells.

Dungeon Overview and Level Annotations

Branches:
Dungeon (3/15)

Altars:
Dithmenos
Uskayaw

Annotations:
D:3 Killer1's ghost, amateur GrBe


Innate Abilities, Weirdness & Mutations

You are resistant to torment.
Your stone body is resilient. (AC +3)
You are immune to poison.
You resist negative energy. (rN+)
You are resistant to electric shocks. (rElec)
You can survive without breathing.
You are immune to petrification.
You are immune to rotting.


Message History

You barely miss Killer1's ghost.
Killer1's ghost is moderately damaged.
You block the bat's attack. Killer1's ghost barely misses you.
You completely miss Killer1's ghost.
Killer1's ghost is moderately damaged.
You block Killer1's ghost's attack.
You closely miss Killer1's ghost.
Killer1's ghost is moderately damaged.
The bat barely misses you. You block the bat's attack.
Killer1's ghost closely misses you.
You hit Killer1's ghost but do no damage.
Killer1's ghost is moderately damaged.
You block the bat's attack. Killer1's ghost hits you.
* * * LOW HITPOINT WARNING * * *
It was a potion of flight.
You feel very buoyant.
You fly up into the air.
The bat hits you.
* * * LOW HITPOINT WARNING * * *
Killer1's ghost hits you!
You die...

#.#.# #.#.#
# #.#.# #.
...#
..#.##..#
......#
#..W# #.b@#
#..<#
#..........
#..........
#..........
#..).......
#.#########
#. #.


You could see Killer1's ghost and a bat.

Vanquished Creatures
  Jessica (D:2)
  A dart slug (D:1)
  A leopard gecko (D:2)
  3 bats
  3 giant cockroaches
  4 goblins
  2 hobgoblins
  2 jackals (D:1)
  3 kobolds
  A quokka (D:2)
  2 frilled lizards (D:2)
  3 rats
26 creatures vanquished.

Notes
Turn   | Place    | Note
-------+----------+-------------------------------------------
     0 | D:1      | CanadianGator the Gargoyle Fighter began the quest for the Orb.
     0 | D:1      | Reached XP level 1. HP: 14/14 MP: 1/1
   158 | D:1      | Reached XP level 2. HP: 19/19 MP: 2/2
   515 | D:2      | Noticed Jessica
   521 | D:2      | Killed Jessica
   521 | D:2      | Reached XP level 3. HP: 19/23 MP: 3/3
   561 | D:2      | Found a shadowy altar of Dithmenos.
   564 | D:2      | Found a hide-covered altar of Uskayaw.
  1003 | D:2      | Reached XP level 4. HP: 27/28 MP: 4/4
  1049 | D:3      | Noticed Killer1's ghost (amateur GrBe)
  1060 | D:3      | Slain by Killer1's ghost

Skill      XL: |  1  2  3 |
---------------+----------+-----
Maces & Flails | 3 |  3.0
Fighting       | |  3.5
Armour         | |  3.9
Dodging        | |  0.5
Shields        | |  3.5

Action                   |  1- 3 |  4- 6 || total
-------------------------+-------+-------++-------
Melee: Whip              |    69 |     9 ||    78
  Use: Potion            |       |     1 ||     1
Armor: Scale mail        |    25 |     2 ||    27
Dodge: Dodged            |    18 |     5 ||    23
Block: Shield            |    26 |     8 ||    34
